 Dungeon Crawl Stone Soup version 0.27.1-3-gb3d3a73c9e (console) character file.

Game seed: 5370911782037980586

1295 toffzen the Ducker (level 8, -8/63 HPs)
             Began as a Spriggan Berserker on Oct 7, 2021.
             Was a Priest of Trog.
             Killed by divine providence
             ... invoked by an orc priest
              (14 damage)
             ... on level 5 of the Dungeon.
             The game lasted 00:15:00 (7833 turns).

toffzen the Ducker (Spriggan Berserker)             Turns: 7833, Time: 00:15:01

Health: -8/63      AC:  3    Str: 15    XL:     8   Next: 30%
Magic:  18/18      EV: 20    Int:  9    God:    Trog [***...]
Gold:   265        SH:  0    Dex: 14    Spells: 7/7 levels left

rFire    + . .     SeeInvis +   a - +3 hand axe (elec)
rCold    + . .     Faith    .   (shield restricted)
rNeg     . . .     Spirit   .   b - +1 animal skin
rPois    .         Reflect  .   (helmet restricted)
rElec    .         Harm     .   t - scarf {rC+ rF+}
rCorr    .         Rampage  .   (gloves unavailable)
Will     +....                  (boots unavailable)
Stlth    ..........             n - amulet of magic regeneration
HPRegen  0.20/turn              l - ring of magical power
MPRegen  0.41/turn              (no ring)

@: berserking, very quick
A: very small, no large weapons, unfitting armour, see invisible, speed 3
a: Renounce Religion, Berserk, Trog's Hand


You were on level 5 of the Dungeon.
You worshipped Trog.
Trog was most pleased with you.
You visited 1 branch of the dungeon, and saw 6 of its levels.

You collected 265 gold pieces.

Inventory:

Hand Weapons
 a - a +3 hand axe of electrocution (weapon)
Missiles
 c - 108 stones (quivered)
 h - 13 poisoned darts
 D - 22 sling bullets
Armour
 b - a +1 animal skin (worn)
 t - a scarf of resistance (worn)
Jewellery
 j - a ring of fire
 l - a ring of magical power (left hand)
 n - an amulet of magic regeneration (around neck)
Wands
 w - a wand of polymorph (8)
 x - a wand of iceblast (11)
Scrolls
 d - a scroll of identify
 m - a scroll of enchant armour
 u - a scroll of fog
Potions
 e - a potion of cancellation {unknown}
 f - 6 potions of curing
 i - a potion of haste
 k - 2 potions of resistance
 o - 2 potions of mutation
 p - 2 potions of flight
 q - a potion of magic {unknown}
 s - a potion of attraction {unknown}
 v - 2 potions of berserk rage {unknown}
 A - 2 potions of might {unknown}


   Skills:
 + Level 4.5 Fighting
 * Level 5.9 Axes
 - Level 3.0 Armour
 + Level 7.1 Dodging


You had 7 spell levels left.
You didn't know any spells.
Your spell library was empty.

Dungeon Overview and Level Annotations

Branches:
Dungeon (6/15)
 Temple: D:4-7

Altars:
Sif Muna

Shops:
D:4 :

Annotations:
D:5 1 exclusion


Innate Abilities, Weirdness & Mutations

You are very small and have problems with some larger weapons.
You are too small for most types of armour.
You have supernaturally acute eyesight. (SInv)
You cover ground extremely quickly. (Speed+++)


Message History

The orc is almost dead.
The orc completely misses you.
The orc wizard mumbles some strange words.
The orc wizard flickers and vanishes for a moment.
You hit the orc.
You kill the orc!
Trog accepts your kill.
An orc priest comes into view. It is wielding a +0 club.
You hit the centaur zombie.
Lightning courses through the centaur zombie!
The centaur zombie is moderately damaged.
The centaur zombie completely misses you.
The centaur zombie barely misses you.
The orc priest calls down the wrath of Beogh upon you.
Beogh smites you!
The centaur zombie barely misses you. x2
You hear a shout!
An orc comes into view. It is wielding a +0 dagger.
The orc shouts!
The orc closely misses you.
There is an escape hatch in the ceiling here.
The orc priest calls down the wrath of Beogh upon you.
Beogh smites you! The centaur zombie barely misses you.
The centaur zombie misses you. The orc hits you with a +0 dagger.
* * * LOW HITPOINT WARNING * * *
A mysterious force pulls you upwards. The hatch slams shut behind you.
Level annotation: 1 exclusion A red film seems to cover your vision as you go berserk!
You feel yourself moving faster!
You feel mighty!
The orc priest calls down the wrath of Beogh upon you.
Pain shoots through your body!
* * * LOW HITPOINT WARNING * * *
The orc misses you.
You slash the orc priest!
The orc priest is heavily wounded.
You slash the orc! Lightning courses through the orc!
You kill the orc!
Trog accepts your kill.
The orc priest calls down the wrath of Beogh upon you.
Beogh smites you!
You die...

############.##.##.#
#............#.#)#.#
#.########....###..#
#.##...........#..##
#.##.#####.#.#...## ######
#.......## ##### ######..##
#.#####^# ##...##
#.≈..#8..####o# #.###.....#
#o≈...._....@.# #..........
#o≈..#8..####)# #.#.#.....#
######..##.##.#####.#.##...##
############.........#.###.##
#.......# ##.###.#..#.# #.#
#..###.## ##.##.#....# #.#
#..# #.# #.....))..# #.# #..#
#.## ##.####.#.## #.# #..#
##.## ##.## #.#.# #.###


You could see an orc priest.

Vanquished Creatures
  Sigmund (D:2)
  An acid dragon (D:5)
  An ice beast (D:6)
  A necrophage (D:5)
  A black bear (D:5)
  2 ogres (D:5)
  A phantom (D:4)
  A scorpion (D:5)
  A water moccasin skeleton (D:5)
  2 jellies (D:5)
  A centaur skeleton (D:5)
  A scorpion zombie (D:5)
  Natasha (thrice) (D:3)
  A hound skeleton (D:4)
  5 adders
  4 gnolls (D:3)
  A shadow imp (D:6)
  An ufetubus (D:5)
  3 worms
  A dart slug (D:3)
  16 orcs
  7 bats
  10 endoplasms
  3 giant cockroaches
  5 goblins
  4 hobgoblins
  6 jackals
  4 kobolds
  2 quokkas
  9 ball pythons
  3 frilled lizards
  2 rats
104 creatures vanquished.

Notes
Turn   | Place    | Note
-------+----------+-------------------------------------------
     0 | D:1      | toffzen the Spriggan Berserker began the quest for the Orb.
     0 | D:1      | Reached XP level 1. HP: 11/11 MP: 2/2
   420 | D:1      | Reached XP level 2. HP: 13/16 MP: 3/3
   991 | D:1      | Reached ** piety under Trog
  1156 | D:2      | Found a faded altar of an unknown god.
  1187 | D:2      | Noticed Sigmund
  1302 | D:2      | Reached XP level 3. HP: 15/19 MP: 4/4
  2313 | D:2      | Killed Sigmund
  2314 | D:2      | Reached skill level 1 in Armour
  2314 | D:2      | Reached skill level 5 in Dodging
  2314 | D:2      | Reached XP level 4. HP: 24/24 MP: 5/5
  2314 | D:2      | Reached XP level 5. HP: 28/28 MP: 6/6
  3541 | D:3      | Reached XP level 6. HP: 32/32 MP: 7/7
  3544 | D:3      | Noticed Natasha
  3578 | D:3      | Killed Natasha
  3733 | D:3      | Noticed Natasha
  3934 | D:3      | Killed Natasha
  3989 | D:3      | Noticed Natasha
  3998 | D:3      | Killed Natasha
  4145 | D:4      | Found Yfir's Self-Improvement Boutique.
  4546 | D:4      | Reached *** piety under Trog
  5314 | D:5      | Entered Level 5 of the Dungeon
  5333 | D:5      | Noticed an acid dragon
  5339 | D:5      | Killed an acid dragon
  5340 | D:5      | Reached skill level 6 in Dodging
  5340 | D:5      | Reached XP level 7. HP: 29/37 MP: 8/8
  6015 | D:5      | Reached skill level 5 in Axes
  6217 | D:5      | Reached XP level 8. HP: 13/42 MP: 9/9
  6847 | D:5      | Found a shimmering blue altar of Sif Muna.
  7373 | D:6      | Reached skill level 7 in Dodging
  7833 | D:5      | Killed from afar by an orc priest

Illustrated notes

Levels and vault maps discovered:
D:1:      zaba_arrival_water, layout_basic, minmay_ruptured
D:2:      layout_loops_ring, ebering_ecumenical_altar_abandoned,
          kennysheep_generic_room_5, uniq_sigmund
D:3:      layout_rooms, chequers_serial_rivers_room_b, st_stairs_7, uniq_natasha
D:4:      layout_loops_cross, chequers_serial_rivers_large_b,
          nicolae_shop_self_help
D:5:      layout_loops_ring, led_sif_book
D:6:      layout_basic, serial_shops, shop

Skill      XL: |  1  2  3  4  5  6  7  8 |
---------------+-------------------------+-----
Fighting       | 3 4 |  4.5
Axes           | 3 4 5 |  5.9
Armour         | 1 2 3 |  3.0
Dodging        | 5 6 7 |  7.1

Action                   |  1- 3 |  4- 6 |  7- 9 || total
-------------------------+-------+-------+-------++-------
Melee: Hand axe          |    98 |   167 |    77 ||   342
Invok: Berserk           |     4 |     8 |     5 ||    17
       Trog's Hand       |       |     1 |       ||     1
  Use: Scroll            |       |     5 |    10 ||    15
 Stab: Sleeping          |     3 |     2 |       ||     5
Armor: Animal skin       |    11 |     8 |    13 ||    32
Dodge: Dodged            |    67 |   138 |    69 ||   274
